 Dungeon Crawl Stone Soup version 0.17-a0-1804-gf6433eb (webtiles) character file.

1796 zeke the Grappler (level 8, -6/67 HPs)
             Began as a Troll Earth Elementalist on Sept 11, 2015.
             Was a Believer of Okawaru.
             Killed from afar by an oklob plant (13 damage)
             ... with a splash of acid
             ... on level 7 of the Dungeon on Sept 12, 2015.
             The game lasted 00:17:25 (4844 turns).

zeke the Grappler (Troll Earth Elementalist)        Turns: 4844, Time: 00:17:25

Health: -6/67      AC:  2    Str: 19    XL:     8   Next: 83%
Magic:  8/8        EV: 10    Int: 11    God:    Okawaru [**....]
Gold:   227        SH:  0    Dex: 10    Spells: 1 memorised, 8 levels left

rFire  . . .     SeeInvis .       - Unarmed
rCold  . . .     Clarity  .     b - +0 robe
rNeg   . . .     SustAt   +     (no shield)
rPois  .         Gourm    +     (helmet restricted)
rElec  .         Spirit   .     s - +0 cloak (curse)
rCorr  .         Warding  .     (gloves unavailable)
rMut   .         Stasis   .     (boots unavailable)
MR     .....                    (no amulet)
Stlth  +.........               q - ring of invisibility
                                k - ring of sustain attributes

@: corroded equipment, not resistant to hostile enchantments, very unstealthy
A: unfitting armour, claws 3, fast metabolism 3, gourmand, regeneration 2,
shaggy fur 1, tough skin 2
a: Heroism, Renounce Religion, Evoke Invisibility


You were on level 7 of the Dungeon.
You worshipped Okawaru.
Okawaru was pleased with you.
You were near starving.

You visited 2 branches of the dungeon, and saw 8 of its levels.

You collected 346 gold pieces.
You spent 119 gold pieces at shops.

Inventory:

Missiles
 a - 204 stones (quivered)
 y - 5 large rocks
Armour
 b - a +0 robe (worn)
 s - a cursed +0 cloak (worn)
Jewellery
 k - a ring of sustain attributes (left claw)
 q - a ring of invisibility (right claw)
 z - an uncursed ring of flight
Magical devices
 F - a wand of flame (18)
Scrolls
 g - 3 scrolls of magic mapping
 i - 4 scrolls of recharging {unknown}
 j - a scroll of amnesia {unknown}
 l - 6 scrolls of identify
 p - 4 scrolls of remove curse {unknown}
 r - 3 scrolls of teleportation
 t - a scroll of enchant weapon {unknown}
 w - a scroll of noise {unknown}
 A - a scroll of summoning {unknown}
 C - a scroll of enchant armour {unknown}
 D - a scroll of blinking {unknown}
 I - a scroll of torment {unknown}
Potions
 e - a potion of beneficial mutation {unknown}
 h - 2 potions of curing {unknown}
 m - 2 potions of magic {unknown}
 n - a potion of poison {unknown}
 o - a potion of mutation {unknown}
 u - a potion of lignification {unknown}
 B - a potion of resistance {unknown}
 H - a potion of heal wounds {unknown}
Books
 c - a book of Geomancy

   Spells                             Type                      Level
   a - Sandblast                      Earth                        1
   b - Stoneskin                      Transmutation/Earth          2
   c - Passwall                       Transmutation/Earth          3
   d - Stone Arrow                    Conjuration/Earth            3
   e - Petrify                        Transmutation/Earth          4
   f - Lee's Rapid Deconstruction     Earth                        5
Comestibles
 d - 7 bread rations
 f - 3 meat rations
 v - 2 beef jerkies
 x - a royal jelly
 G - 3 fruits


   Skills:
 + Level 4.1 Throwing
 - Level 2.0 Dodging
 - Level 1.1 Stealth
 * Level 10.1 Unarmed Combat
 - Level 1.2 Spellcasting
   Level 0.6 Transmutations
 - Level 2.8 Earth Magic


You had 8 spell levels left.
You knew the following spells:

 Your Spells              Type           Power        Failure   Level  Hunger
a - Sandblast             Erth           #.....       12%         1    ##.....


Dungeon Overview and Level Annotations

Branches:
Dungeon (7/15)             Temple (1/1) D:4

Altars:
Ashenzari
Cheibriados
Dithmenos
Gozag
Kikubaaqudgha
Okawaru
Qazlal
Sif Muna
Vehumet
Xom
Yredelemnul
The Shining One

Shops:
D:4 ?%=::

Annotations:
D:7 exclusion: oklob plant


Innate Abilities, Weirdness & Mutations

You are too large for most types of armour.
You have claws for hands.
Your metabolism is lightning-fast.
You like to eat raw meat.
You heal very quickly.
You are covered in fur (AC +1).
You have very tough skin (AC +2).


Message History

You closely miss the hound.
The hound is severely wounded.
The hippogriff closely misses you.
The hippogriff pecks you but does no damage.
The hippogriff misses you.
The hound pauses to sniff the ground.
The hound bites you.
You claw the hound!
You kill the hound!
Okawaru accepts your kill. The hippogriff bites you. The hippogriff pecks you.
The hippogriff claws you. The hippogriff bites you!
* * * LOW HITPOINT WARNING * * *
The hippogriff pecks you.
* * * LOW HITPOINT WARNING * * *
The hippogriff claws you.
* * * LOW HITPOINT WARNING * * *
The oklob plant spits acid at you. The splash of acid hits you!
You die...

###### #.... ..
######### ....# .#
##...#...## ...#
.###........(# ##
..##.##...........
#..
#....##...........
### ..
###..P.##...........
..###.#
#...PHP###.........#
####.##.. #### #...#
#........##
..##.##.# ... #@###
##...#.####
#..>.##.##.# #.#
#......##
#.......#..# #[#
#.......#
#.##..##..# #.#
#....)#.#
..##.....## #.#
#.....#.# ####.#...#
#.# #....##.#
#.##..### #.#
#....##.###
#.......# #.#
#....##...#
####..####.#
#.#####.#######.#


You could see an oklob plant and a hippogriff.

Vanquished Creatures
  A hungry ghost (D:7)
  A sky beast (D:5)
  A black bear (D:7)
  An orc warrior (D:7)
  An ice beast (D:6)
  An ogre (D:6)
  A phantom (D:5)
  A necrophage (D:7)
  A giant frog (D:6)
  2 scorpions (D:6)
  2 crimson imps
  A giant frog skeleton (D:5)
  2 hounds
  A centaur zombie (D:5)
  2 orc priests
  2 jellies
  An orc wizard (D:7)
  A centaur skeleton (D:7)
  Jessica (D:2)
  A gnoll shaman (D:7)
  Natasha (thrice) (D:2)
  An iguana (D:6)
  6 worker ants
  5 adders
  9 gnolls
  2 shadow imps
  5 oozes
  2 adder skeletons
  2 worms
  8 orcs
  6 bats
  5 giant cockroaches
  9 goblins
  9 hobgoblins
  11 jackals
  3 kobolds (D:1)
  3 quokkas
  A ball python (D:3)
  A ball python skeleton (D:5)
  5 giant geckos
  3 giant newts
  A jackal skeleton (D:7)
  4 rats
  2 fungi (D:3)
  A plant (D:7)
132 creatures vanquished.

Notes
Turn   | Place    | Note
--------------------------------------------------------------
     0 | D:1      | zeke the Troll Earth Elementalist began the quest for the Orb.
     0 | D:1      | Reached XP level 1. HP: 16/16 MP: 1/1
    61 | D:1      | Reached XP level 2. HP: 16/24 MP: 2/2
   119 | D:1      | Reached skill level 1 in Unarmed Combat
   421 | D:2      | Reached XP level 3. HP: 29/31 MP: 3/3
   449 | D:2      | Found a glowing golden altar of the Shining One.
   461 | D:2      | Noticed Jessica
   464 | D:2      | Noticed Natasha
   467 | D:2      | Killed Jessica
   486 | D:2      | HP: 1/31 [shadow imp[Natasha] (1)]
   488 | D:2      | Killed Natasha
   488 | D:2      | Reached skill level 3 in Unarmed Combat
   488 | D:2      | Reached XP level 4. HP: 1/39 MP: 4/4
   817 | D:2      | Noticed Natasha
   825 | D:2      | Killed Natasha
  1018 | D:2      | Noticed Natasha
  1022 | D:2      | Killed Natasha
  1278 | D:2      | Reached skill level 4 in Unarmed Combat
  1599 | D:3      | Reached XP level 5. HP: 42/45 MP: 5/5
  1888 | D:4      | Found Nurappue's Book Emporium.
  1985 | D:4      | Found Big Dyps's Jewellery Emporium.
  2022 | D:4      | Found Deecsiesh's Food Boutique.
  2173 | D:4      | Found a stormy altar of Qazlal.
  2173 | D:4      | Found a deep blue altar of Sif Muna.
  2178 | D:4      | Reached skill level 5 in Unarmed Combat
  2233 | D:4      | Found Vyshrud's Magic Scroll Shop.
  2241 | D:4      | Bought a scroll of teleportation for 42 gold pieces
  2241 | D:4      | Bought a scroll of magic mapping for 49 gold pieces
  2241 | D:4      | Bought a scroll of identify for 28 gold pieces
  2407 | D:4      | Found Diagg's Book Shop.
  2471 | D:4      | Found a staircase to the Ecumenical Temple.
  2729 | Temple   | Entered the Ecumenical Temple
  2761 | Temple   | Became a worshipper of Warmaster Okawaru
  2881 | D:5      | Entered Level 5 of the Dungeon
  2948 | D:5      | Noticed a sky beast
  2963 | D:5      | Killed a sky beast
  2963 | D:5      | Reached XP level 6. HP: 29/53 MP: 6/6
  2973 | D:5      | Reached skill level 6 in Unarmed Combat
  3119 | D:5      | Found an opulent altar of Gozag.
  3418 | D:5      | Reached skill level 7 in Unarmed Combat
  3418 | D:5      | Reached XP level 7. HP: 40/59 MP: 7/7
  3432 | D:5      | Found a snail-covered altar of Cheibriados.
  3620 | D:6      | Found a radiant altar of Vehumet.
  3647 | D:6      | Acquired Okawaru's first power
  3647 | D:6      | Reached skill level 1 in Throwing
  3667 | D:6      | Reached skill level 8 in Unarmed Combat
  4044 | D:6      | Reached XP level 8. HP: 55/67 MP: 8/8
  4562 | D:7      | Reached skill level 9 in Unarmed Combat
  4758 | D:7      | Reached skill level 10 in Unarmed Combat
  4822 | D:7      | Found a shattered altar of Ashenzari.
  4823 | D:7      | Noticed an oklob plant
  4844 | D:7      | Killed from afar by an oklob plant

Vault maps used:
D:1:      dpeg_arrival_rooms_c
D:2:      old_standard_altar, first_bread, uniq_natasha, uniq_jessica
D:3:      minmay_gold_behind_fungi, minmay_misc_feat_secret_circle
D:4:      gammafunk_temple_overflow_pools, minmay_temple_entry_mist,
          serial_shops, shop, shop, shop, shop, kennysheep_mini
D:5:      grunt_gozag_statues, nicolae_overflow_crystal_walls
D:6:      vehumet_crystals
D:7:      lemuel_oklob_altar
Temple:   minmay_crystal_spiral_temple_12

Action                   |  1- 3 |  4- 6 |  7- 9 || total
-------------------------+-------+-------+-------++-------
Melee: Unarmed           |    74 |   181 |   195 ||   450
 Cast: Sandblast         |     3 |     2 |       ||     5
Invok: Heroism           |       |       |     1 ||     1
  Use: Potion            |     1 |       |       ||     1
       Scroll            |       |       |     1 ||     1
 Stab: Sleeping          |       |     4 |       ||     4
  Eat: Chunk             |     8 |    25 |    13 ||    46
